Map: Frost LE

Players

blackxored

  • Race: Zerg Zerg
  • League: Diamond

Resi - Winner!

  • Race: Protoss Protoss
  • League: Platinum

VOD

Have the link to the VOD?

Description

Time

  • Played on: July 1, 2016, 8:51 a.m.
  • Length: 8:20
Show
View Real Time Build Order
Export as new Build Order

blackxored Zerg 

Build Orders: Hatch First 

Get SALT Encoding   

  12  0:02  Drone  
  13  0:08  Drone  
  14  0:18  Overlord  
  14  0:22  Extractor  
  14  0:24  Drone  
  15  0:37  Drone x2  
  17  0:53  Hatchery  
  17  0:56  Drone  
  17  1:00  Drone  
  18  1:11  Extractor  
  17  1:15  Spawning Pool  
  17  1:17  Drone  
  17  1:21  Drone  
  18  1:28  Drone  
  19  1:46  Overlord  
  19  1:53  Drone  
  20  2:06  Queen  
  22  2:14  Zergling x4  
  22  2:15  Zergling x2  
  25  2:19  Metabolic Boost  
  25  2:20  Hatchery  
  24  2:40  Queen  
  24  2:42  Drone x4  
  30  2:48  Overlord  
  30  3:03  Drone  
  30  3:04  Drone x2  
  33  3:12  Drone x2  
  35  3:16  Pneumatized Carapace  
  35  3:19  Drone  
  36  3:20  Overlord  
  36  3:30  Zergling x4  
  36  3:33  Queen  
  39  3:37  Evolution Chamber  
  39  3:39  Drone  
  39  3:40  Baneling Nest  
  39  3:41  Drone  
  39  3:45  Overlord  
  39  3:51  Drone x2  
  39  3:52  Drone  
  39  3:54  Drone  
  43  3:56  Drone  
  43  3:59  Drone  
  45  4:05  Zerg Melee Weapons Level 1  
  45  4:15  Drone x3  
  45  4:16  Extractor  
  47  4:17  Drone  
  48  4:26  Zergling x6  
  48  4:27  Overlord  
  48  4:28  Drone  
  48  4:29  Drone x3  
  48  4:30  Drone  
  56  4:32  Drone  
  56  4:38  Zergling x6  
  58  4:39  Zergling x2  
  58  4:40  Zergling x2  
  58  4:42  Zergling x2  
  63  4:47  Baneling x2  
  63  4:48  Baneling x4  
  63  4:51  Queen  
  65  5:02  Lair  
  65  5:14  Overlord  
  65  5:19  Zergling x2  
  65  5:20  Zergling x14  
  73  5:23  Overlord  
  73  5:32  Overlord  
  73  5:33  Baneling x3  
  73  5:34  Baneling  
  64  5:48  Zergling x26  
  72  5:56  Baneling x4  
  72  5:57  Baneling  
  72  6:05  Drone x6  
  72  6:06  Drone  
  72  6:09  Extractor  
  72  6:10  Extractor  
  77  6:23  Drone  
  77  6:25  Drone x6, Evolution Chamber  
  81  6:32  Drone x2  
  83  6:36  Hatchery  
  82  6:52  Drone  
  82  6:53  Infestation Pit  
  82  6:54  Drone x8  
  82  7:00  Baneling  
  82  7:01  Baneling x7  
  90  7:02  Baneling x3  
  90  7:11  Zergling x14  
  90  7:12  Zergling x2  
  90  7:13  Overlord  
  90  7:15  Baneling x4  
  98  7:16  Baneling  
  95  7:29  Zergling x10  
  89  7:36  Zergling x8  
  86  7:46  Zergling x2  
  86  7:47  Zergling x4  
  77  7:55  Zergling x4  
  69  8:00  Zergling x4  
Show
View Real Time Build Order
Export as new Build Order

Resi Protoss - Winner!

Build Orders: 1 Gate Expand 

Get SALT Encoding   

  12  0:01  Probe (Chrono Boost)  
  13  0:12  Probe (Chrono Boost)  
  14  0:19  Pylon  
  14  0:22  Probe (Chrono Boost)  
  15  0:37  Probe (Chrono Boost)  
  15  0:39  Gateway  
  16  0:48  Probe (Chrono Boost)  
  16  0:49  Assimilator  
  17  0:58  Probe (Chrono Boost)  
  18  1:09  Probe (Chrono Boost)  
  19  1:26  Nexus  
  19  1:37  Cybernetics Core  
  19  1:40  Probe (Chrono Boost)  
  19  1:46  Assimilator  
  20  1:53  Pylon  
  20  1:56  Probe (Chrono Boost)  
  21  2:07  Probe (Chrono Boost)  
  22  2:18  Mothership Core (Chrono Boost)  
  22  2:19  Adept, Warp Gate  
  26  2:36  Probe (Chrono Boost)  
  27  2:46  Twilight Council  
  27  2:47  Probe (Chrono Boost)  
  27  2:48  Probe (Chrono Boost)  
  27  2:49  Adept  
  32  2:58  Probe (Chrono Boost)  
  32  2:59  Probe (Chrono Boost)  
  33  3:07  Robotics Facility  
  33  3:12  Probe (Chrono Boost)  
  34  3:16  Adept  
  34  3:17  Resonating Glaives (Chrono Boost)  
  36  3:20  Probe (Chrono Boost)  
  36  3:26  Probe (Chrono Boost)  
  38  3:34  Probe  
  38  3:37  Probe  
  40  3:43  Pylon  
  40  3:48  Gateway  
  40  3:51  Gateway  
  41  4:01  Warp Prism (Chrono Boost)  
  42  4:04  Probe x2  
  44  4:15  Assimilator  
  44  4:16  Probe x2  
  46  4:17  Assimilator  
  46  4:25  Pylon  
  46  4:29  Sentry  
  48  4:40  Blink  
  48  4:42  Probe x2  
  48  4:44  Immortal (Chrono Boost)  
  54  4:52  Pylon  
  54  4:54  Probe x2  
  54  4:57  Sentry  
  54  4:59  Sentry  
  60  5:06  Probe x2  
  62  5:12  Pylon  
  62  5:18  Immortal (Chrono Boost)  
  66  5:25  Probe  
  66  5:26  Probe  
  68  5:29  Pylon  
  68  5:35  Adept x3  
  74  5:45  Gateway  
  74  5:47  Gateway  
  68  5:52  Probe x2  
  68  5:55  Immortal (Chrono Boost)  
  73  6:20  Stalker x3  
  79  6:28  Probe x2  
  81  6:39  Robotics Bay  
  81  6:43  Adept x2  
  85  6:47  Pylon  
  85  6:49  Pylon  
  85  7:06  Pylon  
  85  7:12  Adept x3  
  85  7:13  Adept x2  
  95  7:20  Robotics Facility  
  86  7:34  Adept  
  86  7:35  Adept x4  
  79  7:58  Adept x3  
  79  7:59  Adept x2  
  89  8:19  Adept x5  
Tags
 
Add a new tag
Caveats
  • Supply blocks, unpowered buildings, or Contaminate may cause inaccurate times.
  • Supply counts are checked every 10 seconds.